cohdb
Replays
Latest Replays
All Replays
Popular Replays
Top Player Replays
Match Explorer
How It Works
Community
CoH3 Stats
Reddit
Sign in to upload your games and track your stats! →
Sign in with Steam
Match 46701600
Unlisted
Match 46701600
Overview
Messages
Build Orders
End
Vickers Machine Gun Team
Construct Section Command Post
Selects Air and Sea Battlegroup
Infantry Section
Dingo Light Scout Car
Infantry Section
Construct Platoon Command Post
Humber Armored Car
Royal Engineer Section
Selects Commando Section Paradrop
Selects M1 Pack Howitzer Paradrop
Construct Field Infirmary
Commando Section Paradrop
6-pounder Anti-tank Gun Team
6-pounder Anti-tank Gun Team
Oziligath
Markov666
0
0
Comments
sign in to comment!
No comments posted yet!